| TOP OF THE 1ST |
|
University of Georgia Bulldogs batting - Pitching for University of Maine Black Bears : RHP Sal Teran
|
|
Pitching: RHP Sal Teran
|
|
|
Batting: RHB Justin Szymczyk
|
0-0: Called Strike 0-1: Foul Ball, location: 2F 0-2: Strikes out swinging
|
|
Batting: LHB Milton Yeo
|
0-0: Called Strike 0-1: Ball 1-1: Called Strike 1-2: Ball 2-2: Ball 3-2: Strikes out looking
|
|
Batting: LHB Sloan Rayner
|
0-0: Ball 1-0: Called Strike 1-1: Called Strike 1-2: Foul Ball, location: 2F 1-2: Ball 2-2: Strikes out looking
|
| Top of the 1st over - 0 runs, 0 hits, 0 errors, 0 left on base; University of Georgia 0 - University of Maine 0 |
| BOTTOM OF THE 1ST |
|
University of Maine Black Bears batting - Pitching for University of Georgia Bulldogs : LHP Danny Montoya
|
|
Pitching: LHP Danny Montoya
|
|
|
Batting: RHB Wang Huan
|
0-0: Called Strike 0-1: Ball 1-1: Ball 2-1: DOUBLE (Flyball, 8RD, EV 91.2 MPH)
|
|
Batting: LHB Dave Aguilar
|
0-0: Swinging Strike 0-1: Swinging Strike 0-2: Ball 1-2: Ball 2-2: Strikes out looking
|
|
Batting: RHB Wang-fen Yang
|
0-0: Foul Ball, location: 2F 0-1: Called Strike 0-2: Strikes out swinging
|
|
Batting: SHB Mario Barajas
|
0-0: Swinging Strike 0-1: Ground out 5-3 (Groundball, 5L, EV 102.5 MPH)
|
| Bottom of the 1st over - 0 runs, 1 hit, 0 errors, 1 left on base; University of Georgia 0 - University of Maine 0 |
| TOP OF THE 2ND |
|
University of Georgia Bulldogs batting - Pitching for University of Maine Black Bears : RHP Sal Teran
|
|
Batting: LHB Cole Sanchez
|
0-0: Ball 1-0: Ball 2-0: Ball 3-0: Called Strike 3-1: Foul Ball, location: 2F 3-2: Strikes out swinging
|
|
Batting: LHB Andy Dyer
|
0-0: Ball 1-0: Foul Ball, location: 2F 1-1: Swinging Strike 1-2: Strikes out swinging
|
|
Batting: LHB Luis Mejia
|
0-0: Ball 1-0: Ground out 4-3 (Groundball, 4, EV 87.5 MPH)
|
| Top of the 2nd over - 0 runs, 0 hits, 0 errors, 0 left on base; University of Georgia 0 - University of Maine 0 |
| BOTTOM OF THE 2ND |
|
University of Maine Black Bears batting - Pitching for University of Georgia Bulldogs : LHP Danny Montoya
|
|
Batting: RHB Rewa Havika
|
0-0: Foul Ball, location: 2F 0-1: Foul Ball, location: 2F 0-2: Ball 1-2: Ball 2-2: Foul Ball, location: 2F 2-2: Foul Ball, location: 2F 2-2: Ball 3-2: Base on Balls
|
|
Batting: LHB Osmo Leino
|
0-0: Ball 1-0: Swinging Strike 1-1: Called Strike 1-2: Strikes out swinging
|
|
Batting: LHB Ed Leighton
|
0-0: Foul Ball, location: 2F 0-1: Ball 1-1: Ball 2-1: Foul Ball, location: 2F 2-2: Grounds into double play, 4-6-3 (Groundball, 4, EV 97.5 MPH)
|
| Bottom of the 2nd over - 0 runs, 0 hits, 0 errors, 0 left on base; University of Georgia 0 - University of Maine 0 |
| TOP OF THE 3RD |
|
University of Georgia Bulldogs batting - Pitching for University of Maine Black Bears : RHP Sal Teran
|
|
Batting: LHB Bryan Ross
|
0-0: Ball 1-0: Swinging Strike 1-1: Called Strike 1-2: Foul Ball, location: 2F 1-2: Ball 2-2: Strikes out swinging
|
|
Batting: RHB Javier Alcorta
|
0-0: Called Strike 0-1: Foul Ball, location: 2F 0-2: Ball 1-2: Strikes out swinging
|
|
Batting: RHB James Warby
|
0-0: Ball 1-0: Called Strike 1-1: Swinging Strike 1-2: Strikes out swinging
|
| Top of the 3rd over - 0 runs, 0 hits, 0 errors, 0 left on base; University of Georgia 0 - University of Maine 0 |
| BOTTOM OF THE 3RD |
|
University of Maine Black Bears batting - Pitching for University of Georgia Bulldogs : LHP Danny Montoya
|
|
Batting: RHB Tom Piersma
|
0-0: Ground out 6-3 (Groundball, 6S, EV 83.8 MPH)
|
|
Batting: SHB Ron Handford
|
0-0: Ball 1-0: Called Strike 1-1: Swinging Strike 1-2: Ground out 6-3 (Groundball, 6, EV 87.5 MPH)
|
|
Batting: RHB Wang Huan
|
0-0: SINGLE (Flyball, 89M, EV 98.8 MPH)
|
|
Batting: LHB Dave Aguilar
|
0-0: Called Strike 0-1: Ball Wang Huan is caught stealing 2nd base 2-6
|
| Bottom of the 3rd over - 0 runs, 1 hit, 0 errors, 0 left on base; University of Georgia 0 - University of Maine 0 |
| TOP OF THE 4TH |
|
University of Georgia Bulldogs batting - Pitching for University of Maine Black Bears : RHP Sal Teran
|
|
Pitching: RHP Dan Cardinal
|
|
|
Batting: RHB Justin Szymczyk
|
0-0: Called Strike 0-1: Ball 1-1: SINGLE (Groundball, 4MD, EV 95.6 MPH)
|
|
Batting: LHB Milton Yeo
|
0-0: Fly out, F7 (Flyball, 7LS, EV 88.8 MPH)
|
|
Batting: LHB Sloan Rayner
|
0-0: Ball 1-0: Swinging Strike Pickoff Throw by Catcher to First - Out! 1-1: Ball 2-1: Swinging Strike 2-2: Strikes out swinging
|
| Top of the 4th over - 0 runs, 1 hit, 0 errors, 0 left on base; University of Georgia 0 - University of Maine 0 |
| BOTTOM OF THE 4TH |
|
University of Maine Black Bears batting - Pitching for University of Georgia Bulldogs : LHP Danny Montoya
|
|
Batting: LHB Dave Aguilar
|
0-0: Ground out U3 (Groundball, 34, EV 88.8 MPH)
|
|
Batting: RHB Wang-fen Yang
|
0-0: SINGLE (Groundball, 6MD, EV 96.2 MPH)
|
|
Batting: SHB Mario Barajas
|
0-0: Ball 1-0: Called Strike 1-1: Called Strike 1-2: Foul Ball, location: 2F 1-2: Foul Ball, location: 2F 1-2: Fly out, F4 (Flyball, 4D, EV 93.1 MPH)
|
|
Batting: RHB Rewa Havika
|
0-0: Foul Ball, location: 2F 0-1: Foul Ball, location: 2F 0-2: Ball 1-2: Ball 2-2: Foul Ball, location: 2F 2-2: Ball 3-2: Base on Balls Wang-fen Yang to second
|
|
Batting: LHB Osmo Leino
|
0-0: Ball 1-0: Ball 2-0: Ball 3-0: Called Strike 3-1: Called Strike 3-2: Strikes out looking
|
| Bottom of the 4th over - 0 runs, 1 hit, 0 errors, 2 left on base; University of Georgia 0 - University of Maine 0 |
| TOP OF THE 5TH |
|
University of Georgia Bulldogs batting - Pitching for University of Maine Black Bears : RHP Dan Cardinal
|
|
Batting: LHB Cole Sanchez
|
0-0: Ball 1-0: Ball 2-0: Foul Ball, location: 2F 2-1: Ground out U3 (Groundball, 3, EV 92.5 MPH)
|
|
Batting: LHB Andy Dyer
|
0-0: Ball 1-0: Foul Ball, location: 2F 1-1: Ball 2-1: Ground out 6-3 (Groundball, 6, EV 105.0 MPH)
|
|
Batting: LHB Luis Mejia
|
0-0: Ball 1-0: Called Strike 1-1: Swinging Strike 1-2: Foul Ball, location: 2F 1-2: Strikes out swinging
|
| Top of the 5th over - 0 runs, 0 hits, 0 errors, 0 left on base; University of Georgia 0 - University of Maine 0 |
| BOTTOM OF THE 5TH |
|
University of Maine Black Bears batting - Pitching for University of Georgia Bulldogs : LHP Danny Montoya
|
|
Batting: LHB Ed Leighton
|
0-0: Ball 1-0: Ground out 4-3 (Groundball, 13, EV 85.6 MPH)
|
|
Batting: RHB Tom Piersma
|
0-0: Swinging Strike 0-1: Swinging Strike 0-2: Strikes out swinging
|
|
Batting: SHB Ron Handford
|
0-0: DOUBLE (Line Drive, 7LS, EV 107.5 MPH)
|
|
Batting: RHB Wang Huan
|
0-0: Foul Ball, location: 2F 0-1: Called Strike 0-2: Ball 1-2: Ball 2-2: Ball 3-2: Foul Ball, location: 2F 3-2: Foul Ball, location: 2F 3-2: DOUBLE (Line Drive, 3D, EV 106.9 MPH) Ron Handford scores
|
|
Batting: LHB Dave Aguilar
|
0-0: Ground out U3 (Groundball, 3S, EV 84.4 MPH)
|
| Bottom of the 5th over - 1 run, 2 hits, 0 errors, 1 left on base; University of Georgia 0 - University of Maine 1 |
| TOP OF THE 6TH |
|
University of Georgia Bulldogs batting - Pitching for University of Maine Black Bears : RHP Dan Cardinal
|
|
Batting: LHB Bryan Ross
|
0-0: Ball 1-0: Ball 2-0: Foul Ball, location: 2F 2-1: Foul Ball, location: 2F 2-2: Ground out 5-3 (Groundball, 56, EV 91.9 MPH)
|
|
Batting: RHB Javier Alcorta
|
0-0: Ball 1-0: Foul Ball, location: 2F 1-1: Swinging Strike 1-2: Strikes out swinging
|
|
Batting: RHB James Warby
|
0-0: Ground out 5-3 (Groundball, 56, EV 88.8 MPH)
|
| Top of the 6th over - 0 runs, 0 hits, 0 errors, 0 left on base; University of Georgia 0 - University of Maine 1 |
| BOTTOM OF THE 6TH |
|
University of Maine Black Bears batting - Pitching for University of Georgia Bulldogs : LHP Danny Montoya
|
|
Batting: RHB Wang-fen Yang
|
0-0: Fly out, F5 (Popup, 56S, EV 85.0 MPH)
|
|
Batting: SHB Mario Barajas
|
0-0: Ball 1-0: Ball 2-0: Called Strike 2-1: SINGLE (Groundball, 4MD, EV 99.4 MPH)
|
|
Pitching: LHP Vinny Segarra
|
|
|
Batting: RHB Rewa Havika
|
0-0: Fly out, F7 (Flyball, 7S, EV 93.8 MPH)
|
|
Batting: LHB Osmo Leino
|
0-0: Ball 1-0: Called Strike 1-1: Ball 2-1: Ball 3-1: Called Strike 3-2: Foul Ball, location: 2F 3-2: Fly out, F7 (Flyball, 78M, EV 90.0 MPH)
|
| Bottom of the 6th over - 0 runs, 1 hit, 0 errors, 1 left on base; University of Georgia 0 - University of Maine 1 |
| TOP OF THE 7TH |
|
University of Georgia Bulldogs batting - Pitching for University of Maine Black Bears : RHP Dan Cardinal
|
|
Batting: RHB Justin Szymczyk
|
0-0: Called Strike 0-1: Ball 1-1: Fly out, F5 (Line Drive, 5, EV 71.9 MPH)
|
|
Batting: LHB Milton Yeo
|
0-0: Called Strike 0-1: Called Strike 0-2: Ground out 4-3 (Groundball, 4S, EV 88.1 MPH)
|
|
Batting: LHB Sloan Rayner
|
0-0: Called Strike 0-1: Ball 1-1: Ball 2-1: SINGLE (Line Drive, 6MD, EV 95.6 MPH)
|
|
Batting: LHB Cole Sanchez
|
0-0: Called Strike 0-1: Fly out, F9 (Flyball, 89S, EV 79.4 MPH)
|
| Top of the 7th over - 0 runs, 1 hit, 0 errors, 1 left on base; University of Georgia 0 - University of Maine 1 |
| BOTTOM OF THE 7TH |
|
University of Maine Black Bears batting - Pitching for University of Georgia Bulldogs : LHP Vinny Segarra
|
|
Batting: LHB Ed Leighton
|
0-0: Called Strike 0-1: Ball 1-1: Fly out, F9 (Flyball, 89D, EV 98.8 MPH)
|
|
Batting: RHB Tom Piersma
|
0-0: Ball 1-0: Foul Ball, location: 2F 1-1: Ball 2-1: Ball 3-1: Foul Ball, location: 2F 3-2: Base on Balls
|
|
Batting: SHB Ron Handford
|
0-0: Foul Ball, location: 2F 0-1: Fielders Choice at 2nd, 5-4 (Groundball, 56S, EV 84.4 MPH)
|
|
Batting: RHB Wang Huan
|
0-0: Ball 1-0: Ball 2-0: Fielders Choice at 2nd, 5-4 (Groundball, 56, EV 90.6 MPH)
|
| Bottom of the 7th over - 0 runs, 0 hits, 0 errors, 1 left on base; University of Georgia 0 - University of Maine 1 |
| TOP OF THE 8TH |
|
University of Georgia Bulldogs batting - Pitching for University of Maine Black Bears : RHP Dan Cardinal
|
|
Pitching: RHP Ik-jun Jahng
|
|
|
Batting: LHB Andy Dyer
|
0-0: Foul Ball, location: 2F 0-1: Foul Ball, location: 2F 0-2: Foul Ball, location: 2F 0-2: Ground out 4-3 (Groundball, 4, EV 81.9 MPH)
|
|
Batting: LHB Luis Mejia
|
0-0: Called Strike 0-1: Called Strike 0-2: Strikes out swinging
|
|
Batting: LHB Bryan Ross
|
0-0: Called Strike 0-1: Ball 1-1: Ball 2-1: Ground out 6-3 (Groundball, 56, EV 79.4 MPH)
|
| Top of the 8th over - 0 runs, 0 hits, 0 errors, 0 left on base; University of Georgia 0 - University of Maine 1 |
| BOTTOM OF THE 8TH |
|
University of Maine Black Bears batting - Pitching for University of Georgia Bulldogs : LHP Vinny Segarra
|
|
Pitching: RHP Ivan Gladstone
|
|
|
Batting: LHB Dave Aguilar
|
0-0: Called Strike 0-1: Called Strike 0-2: Strikes out swinging
|
|
Batting: RHB Wang-fen Yang
|
0-0: Ground out 6-3 (Groundball, 6, EV 100.6 MPH)
|
|
Batting: SHB Mario Barajas
|
0-0: Called Strike 0-1: Fly out, F5 (Line Drive, 5L, EV 71.9 MPH)
|
| Bottom of the 8th over - 0 runs, 0 hits, 0 errors, 0 left on base; University of Georgia 0 - University of Maine 1 |
| TOP OF THE 9TH |
|
University of Georgia Bulldogs batting - Pitching for University of Maine Black Bears : RHP Ik-jun Jahng
|
|
Pitching: RHP Nate Adams
|
|
|
Batting: RHB Javier Alcorta
|
0-0: Foul Ball, location: 2F 0-1: Swinging Strike 0-2: Ball 1-2: Strikes out swinging
|
|
Pinch Hitting: RHB Joe Strong
|
0-0: Called Strike 0-1: Ball 1-1: Swinging Strike 1-2: Strikes out swinging
|
|
Batting: RHB Justin Szymczyk
|
0-0: Ball 1-0: Ball 2-0: Foul Ball, location: 2F 2-1: Ball 3-1: Swinging Strike 3-2: Base on Balls
|
|
Batting: LHB Milton Yeo
|
0-0: Called Strike 0-1: Ball 1-1: Swinging Strike 1-2: Strikes out swinging
|
| Top of the 9th over - 0 runs, 0 hits, 0 errors, 1 left on base; University of Georgia 0 - University of Maine 1 |
|